 Dungeon Crawl Stone Soup version 0.29.1-1-gd02db6906a (webtiles) character file.

Game seed: 12945104784661638694

429 groovy9 the Skirmisher (level 7, -1/50 HPs)
             Began as a Formicid Hunter on Sept 19, 2022.
             Was an Initiate of Hepliaklqana.
             Slain by Ijyb
             ... wielding a +7 club
              (12 damage)
             ... on level 4 of the Dungeon.
             The game lasted 00:06:43 (2657 turns).

groovy9 the Skirmisher (Formicid Hunter)            Turns: 2657, Time: 00:06:43

Health: -1/50      AC:  3    Str: 16    XL:     7   Next: 19%
Magic:  7/7        EV: 12    Int:  8    God:    Hepliaklqana [......]
Gold:   157        SH:  0    Dex: 19    Spells: 6/6 levels left

rFire   . . .      SeeInvis +   a - +1 shortbow
rCold   . . .      Faith    .   (no shield)
rNeg    . . .      Spirit   .   c - +0 leather armour
rPois   .          Reflect  .   (helmet unavailable)
rElec   .          Harm     .   (no cloak)
rCorr   .          Rampage  .   (no gloves)
Will    .....                   (no boots)
Stlth   ++........              (no amulet)
HPRegen 0.16/turn               (no ring)
MPRegen 0.10/turn               (no ring)

@: no status effects
A: permanent stasis, dig shafts and tunnels, antennae 3, four strong arms
a: Dig, Shaft Self, Renounce Religion


You were on level 4 of the Dungeon.
You worshipped Hepliaklqana.
Hepliaklqana was noncommittal.
You visited 2 branches of the dungeon, and saw 5 of its levels.

You collected 157 gold pieces.

Inventory:

Hand Weapons
 a - a +1 shortbow (weapon)
Armour
 c - a +0 leather armour (worn)
Jewellery
 e - a +6 ring of strength
Scrolls
 b - 2 scrolls of immolation
 h - a scroll of vulnerability
Potions
 d - a potion of flight
 f - a potion of mutation {unknown}
 g - 4 potions of curing
 i - a potion of brilliance {unknown}
 j - a potion of lignification {unknown}


   Skills:
 - Level 2.1 Fighting
 + Level 8.1 Ranged Weapons
 - Level 1.7 Dodging
 - Level 1.2 Stealth


You had 6 spell levels left.
You didn't know any spells.
Your spell library was empty.

Dungeon Overview and Level Annotations

Branches:
Dungeon (4/15)             Temple (1/1) D:4

Altars:
Ashenzari
Cheibriados
Elyvilon
Fedhas
Gozag
Hepliaklqana
Kikubaaqudgha
Makhleb
Nemelex Xobeh
Okawaru
Qazlal
Ru
Sif Muna
Vehumet
Wu Jian
Xom
Yredelemnul
The Shining One

Annotations:
D:3 2 runed translucent doors, Grinder
D:4 Ijyb


Innate Abilities, Weirdness & Mutations

You cannot be hasted, slowed, berserked, paralysed or teleported.
You can dig through walls and to a lower floor.
You have a pair of large antennae on your head. (SInv)
Your four strong arms can wield two-handed weapons with a shield.


Message History

You shoot an arrow. The arrow closely misses Ijyb.
You shoot an arrow. The arrow hits Ijyb but does no damage.
You shoot an arrow. The arrow hits Ijyb!
Ijyb is moderately wounded.
You shoot an arrow. The arrow closely misses Ijyb.
You shoot an arrow. The arrow barely misses Ijyb.
Ijyb barely misses you.
You shoot an arrow. The arrow closely misses Ijyb.
Ijyb hits you with a +7 club!
You shoot an arrow. The arrow closely misses Ijyb.
Ijyb misses you.
You shoot an arrow. The arrow closely misses Ijyb.
Ijyb hits you with a +7 club.
You are too injured to fight recklessly!
Okay, then.
It was a potion of curing.
You feel better. Ijyb hits you with a +7 club!
Fire: a) +1 shortbow
Press: ? - help, Q - select action, (/) - cycle Shift-Dir - straight line, f/p - Ijyb
Aim: Ijyb, wielding a +7 club and wearing a +0 leather armour (moderately wounded, 61% to hit)
You shoot an arrow. The arrow hits Ijyb!
Ijyb is severely wounded.
Ijyb hits you with a +7 club. Ijyb hits you with a +7 club!
* * * LOW HITPOINT WARNING * * *
Fire: a) +1 shortbow
Press: ? - help, Q - select action, (/) - cycle Shift-Dir - straight line, f/p - Ijyb
Aim: Ijyb, wielding a +7 club and wearing a +0 leather armour (severely wounded, 61% to hit)
You shoot an arrow. The arrow hits Ijyb.
Ijyb is almost dead.
Ijyb closely misses you.
Fire: a) +1 shortbow
Press: ? - help, Q - select action, (/) - cycle Shift-Dir - straight line, f/p - Ijyb
Aim: Ijyb, wielding a +7 club and wearing a +0 leather armour (almost dead, 61% to hit)
You shoot an arrow. The arrow closely misses Ijyb.
Ijyb hits you with a +7 club.
* * * LOW HITPOINT WARNING * * *
Fire: a) +1 shortbow
Press: ? - help, Q - select action, (/) - cycle Shift-Dir - straight line, f/p - Ijyb
Aim: Ijyb, wielding a +7 club and wearing a +0 leather armour (almost dead, 61% to hit)
You shoot an arrow. The arrow misses Ijyb.
Ijyb screams, "Me kill you!" Ijyb hits you with a +7 club!
You die...

#..........#.#...###.# #.#....
#..........#.#.......# #.####'
#..........#.###.##### #.###..
#..........#.#...## ..##...
#..........#.#....# . ..#....
####+#######.#...........#....
#.#.##..##### #....
######.#.###.... ##...
......g@......## ##..
......##.##.#.#### ###
......+.).....#
.......####...# ...... #...# {
......### #...# ......# #...#
#.#########..####...#
#..................#


You could see Ijyb.

Vanquished Creatures
  Duvessa (D:4)
  A black bear (D:4)
  Dowan (D:4)
  An orc priest (D:3)
  2 iguanas (D:4)
  3 adders
  A worm (D:4)
  A dart slug (D:3)
  9 orcs
  8 ball pythons
  5 endoplasms
  5 giant cockroaches
  4 goblins
  4 hobgoblins
  3 quokkas
  4 bats
  5 frilled lizards
  6 kobolds
  3 rats
67 creatures vanquished.

Notes
Turn   | Place    | Note
-------+----------+-------------------------------------------
     0 | D:1      | groovy9 the Formicid Hunter began the quest for the Orb.
     0 | D:1      | Reached XP level 1. HP: 16/16 MP: 1/1
   323 | D:1      | Reached XP level 2. HP: 21/22 MP: 2/2
   687 | D:1      | Reached XP level 3. HP: 26/27 MP: 3/3
  1092 | D:2      | Reached skill level 5 in Ranged Weapons
  1182 | D:2      | Found a faded altar of an unknown god.
  1201 | D:2      | Reached XP level 4. HP: 33/33 MP: 4/4
  1218 | D:2      | You fall into a shaft and drop 2 floors!
  1276 | D:4      | Noticed Duvessa
  1413 | D:4      | Found a staircase to the Ecumenical Temple.
  1419 | Temple   | Entered the Ecumenical Temple
  1483 | Temple   | Became a worshipper of Hepliaklqana the Forgotten
  1709 | D:4      | Reached skill level 6 in Ranged Weapons
  1709 | D:4      | Reached XP level 5. HP: 38/38 MP: 5/5
  1843 | D:4      | Noticed Dowan
  1862 | D:4      | Killed Duvessa
  1863 | D:4      | Reached skill level 7 in Ranged Weapons
  1863 | D:4      | Reached XP level 6. HP: 9/44 MP: 6/6
  1870 | D:4      | Killed Dowan
  2216 | D:3      | Found a large runed translucent door.
  2219 | D:3      | Found a large runed translucent door.
  2410 | D:3      | Noticed Grinder
  2532 | D:4      | Noticed a black bear
  2540 | D:4      | Killed a black bear
  2541 | D:4      | Reached skill level 8 in Ranged Weapons
  2541 | D:4      | Reached XP level 7. HP: 39/50 MP: 7/7
  2620 | D:4      | Noticed Ijyb
  2657 | D:4      | Slain by Ijyb

Illustrated notes

Levels and vault maps discovered:
D:1:      psy_arrival_fountain, layout_basic, st_stairs_4,
          chequers_serial_rivers_large_b
D:2:      layout_basic, hellmonk_ecumenical_altar_arch_garden
D:3:      minmay_door_path, layout_loops_ring, jmf_multi_god_temple2,
          uniq_grinder
D:4:      kennysheep_six_static_rooms, layout_basic, nicolae_uskayaw_suspiria,
          minmay_temple_entry_enclosed_plants, uniq_duvessa, uniq_ijyb
Temple:   hc_temple_tempest_star

Skill      XL: |  1  2  3  4  5  6 |
---------------+-------------------+-----
Ranged Weapons | 5 6 7 8 |  8.1
Fighting       | |  2.1
Dodging        | |  1.7
Stealth        | |  1.2

Action                   |  1- 3 |  4- 6 |  7- 9 || total
-------------------------+-------+-------+-------++-------
 Fire: Shortbow          |    86 |   128 |    20 ||   234
 Abil: Dig               |     1 |       |       ||     1
  Use: Scroll            |     5 |     1 |       ||     6
       Potion            |       |     3 |     1 ||     4
Armor: Leather armour    |    12 |     5 |       ||    17
Dodge: Dodged            |    33 |    33 |     3 ||    69
